 Dungeon Crawl Stone Soup version 0.26-a0-113-gd8a95b691d (webtiles) character file.

Game seed: 6983807492364259915

110376 drasked the Severer (level 16, -5/148 (149) HPs)
             Began as a Hill Orc Monk on June 25, 2020.
             Was the Champion of Beogh.
             Collided with a briar patch (19 damage)
             ... caused by a swamp worm
             ... on level 3 of the Swamp.
             The game lasted 02:16:29 (33078 turns).

drasked the Severer (Hill Orc Monk)                Turns: 33078, Time: 02:16:30

HP:   -5/148 (149)  AC: 31    Str: 21      XL:     16   Next: 54%
MP:   16/16         EV: 14    Int:  4 (8)  God:    Beogh [******]
Gold: 4873          SH: 18    Dex: 21      Spells: 15/15 levels left

rFire    + . .     SeeInvis .   u - +0 broad axe
rCold    + + .     Faith    .   P - +2 kite shield {reflect} {Reflect}
rNeg     . . .     Spirit   .   A - +9 chain mail of Dogma {*Corrode rElec rPois Dex+6}
rPois    +         Reflect  +   E - +1 helmet
rElec    +         Harm     .   F - scarf {rC+ rF+}
rCorr    .                      T - +2 pair of gloves
MR       ++...                  k - +1 pair of boots
Stlth    ..........             b - amulet of Icyozer {MR+ Regen+ Dex+2}
HPRegen  0.74/turn              c - +4 ring of evasion
MPRegen  0.15/turn              I - ring of protection from cold {rC+, !d}

@: lethally poisoned (-5 -> -9), very slightly contaminated, slowed, very slow
A: walk on water, dopey 1
a: Smiting, Recall Orcish Followers, Give Item to Named Follower, Resurrection,
Renounce Religion


You were on level 3 of the Swamp.
You worshipped Beogh.
Beogh was exalted by your worship.
You were hungry.

You visited 4 branches of the dungeon, and saw 26 of its levels.
You also visited: Ice Cave.

You collected 7158 gold pieces.
You spent 2285 gold pieces at shops.

Inventory:

Hand Weapons
 f - the +8 falchion of the Freezing Oracle {flame, +Fly rF- rC+}
   (You found it on level 1 of the Swamp)

   It has been specially enchanted to burn those struck by it, causing extra
   injury to most foes and up to half again as much damage against particularly
   susceptible opponents.
   Big, fiery blades are also staple armaments of hydra-hunters.
   It makes you vulnerable to fire.
   It protects you from cold.
   It lets you fly.
 u - a +0 broad axe (weapon)
   (You found it on level 2 of the Lair of Beasts)
Armour
 k - a +1 pair of boots (worn)
   (You found it on level 1 of the Dungeon)
 p - a +0 plate armour of poison resistance {rPois}
   (You found it on level 13 of the Dungeon)
 A - the +9 chain mail of Dogma (worn) {*Corrode rElec rPois Dex+6}
   (You bought it in a shop on level 15 of the Dungeon)

   It affects your dexterity (+6).
   It insulates you from electricity.
   It protects you from poison.
   It may corrode you when you take damage.
 E - a +1 helmet (worn)
   (You found it on level 6 of the Dungeon)
 F - a scarf of resistance (worn)
   (You bought it in a shop on level 5 of the Dungeon)
 K - a +0 tower shield
   (You found it on level 9 of the Dungeon)
 M - a scarf of repulsion
   (You found it on level 10 of the Dungeon)
 P - a +2 kite shield of reflection (worn) {Reflect}
   (You took it off a tengu warrior on level 15 of the Dungeon)
 T - a +2 pair of gloves (worn)
   (You bought it in a shop on level 2 of the Orcish Mines)
Jewellery
 b - the amulet of Icyozer (around neck) {MR+ Regen+ Dex+2}
   (You acquired it on level 3 of the Lair of Beasts)

   [amulet of regeneration]

   It affects your dexterity (+2).
   It affects your resistance to hostile enchantments.
   It increases your rate of regeneration.
 c - a +4 ring of evasion (left hand)
   (You found it on level 10 of the Dungeon)
 C - an uncursed ring of resist corrosion
   (You found it on level 3 of the Dungeon)
 I - a ring of protection from cold (right hand) {rC+, !d}
   (You took it off an orc wizard on level 13 of the Dungeon)
Wands
 j - a wand of iceblast (24)
   (You found it on level 5 of the Dungeon)
 s - a wand of disintegration (9)
   (You found it on level 11 of the Dungeon)
 v - a wand of acid (14)
   (You found it on level 4 of the Dungeon)
 D - a wand of digging (11)
   (You found it on level 3 of the Lair of Beasts)
 R - a wand of polymorph (12)
   (You found it on level 3 of the Lair of Beasts)
 U - a wand of paralysis (8)
   (You found it on level 3 of the Swamp)
Scrolls
 g - 6 scrolls of fear
 i - 9 scrolls of identify
 m - 8 scrolls of enchant weapon
 r - 5 scrolls of amnesia
 t - 7 scrolls of teleportation
 w - 12 scrolls of remove curse
 x - 5 scrolls of magic mapping {!r!r}
 y - a scroll of summoning
 z - 4 scrolls of enchant armour
 B - 2 scrolls of blinking {!r!r}
 N - 3 scrolls of immolation {!r!r}
 Q - a scroll of holy word {!r!r}
Potions
 a - 2 potions of berserk rage {!q!q}
 d - 5 potions of might
 h - 12 potions of haste
 l - 2 potions of heal wounds
 n - 2 potions of resistance
 o - 7 potions of flight
 q - 7 potions of curing
 G - 3 potions of lignification {!q!q}
 H - a potion of ambrosia
 J - 3 potions of cancellation
 L - 3 potions of invisibility
 O - a potion of stabbing
Comestibles
 e - 40 rations


   Skills:
 + Level 15.4 Fighting
 - Level 18.0 Axes
 + Level 14.3 Armour
 - Level 2.4 Dodging
 - Level 1.5 Stealth
 + Level 17.8 Shields


You had 15 spell levels left.
You didn't know any spells.
Your spell library contained the following spells:

 Spells                   Type           Power        Failure   Level  Hunger
 Animate Skeleton         Necr           N/A          96%         1    ##.....
 Beastly Appendage        Tmut           #.....       96%         1    ##.....
 Magic Dart               Conj           #...         96%         1    ##.....
 Pain                     Necr           #...         96%         1    ##.....
 Sandblast                Erth           #.....       96%         1    ##.....
 Sting                    Tmut/Pois      #...         96%         1    ##.....
 Passwall                 Tmut/Erth      #.......     99%         2    ###....
 Poisonous Vapours        Pois/Air       #.....       99%         2    ###....
 Searing Ray              Conj           #.....       99%         2    ###....
 Sticks to Snakes         Tmut           #.......     99%         2    ###....
 Sublimation of Blood     Necr           #.........   99%         2    ###....
 Confusing Touch          Hex            #.......     100%        3    ####...
 Dazzling Flash           Conj/Hex       #.....       100%        3    ####...
 Gell's Gravitas          Tloc           #.........   100%        3    ####...
 Ignite Poison            Fire/Tmut/Pois #.......     100%        3    ####...
 Mephitic Cloud           Conj/Pois/Air  #.......     100%        3    ####...
 Spider Form              Tmut/Pois      #.........   100%        3    ####...
 Stone Arrow              Conj/Erth      #.....       100%        3    ####...
 Vampiric Draining        Necr           #.........   100%        3    ####...
 Animate Dead             Necr           N/A          100%        4    #####..
 Fulminant Prism          Conj/Hex       #.........   100%        4    #####..
 Ice Form                 Ice/Tmut       #.......     100%        4    #####..
 Iskenderun's Mystic Bla  Conj/Tloc      #.......     100%        4    #####..
 Olgreb's Toxic Radiance  Pois           #.......     100%        4    #####..
 Petrify                  Tmut/Erth      #.......     100%        4    #####..
 Agony                    Necr           #.......     100%        5    ######.
 Alistair's Intoxication  Tmut/Pois      #.......     100%        5    ######.
 Blade Hands              Tmut           #.........   100%        5    ######.
 Bolt of Magma            Conj/Fire/Erth #.........   100%        5    ######.
 Irradiate                Conj/Tmut      #.........   100%        5    ######.
 Iskenderun's Battlesphe  Conj/Chrm      #.......     100%        5    ######.
 Lee's Rapid Deconstruct  Erth           #.........   100%        5    ######.
 Metabolic Englaciation   Hex/Ice        #.........   100%        5    ######.
 Yara's Violent Unravell  Hex/Tmut       #.........   100%        5    ######.
 Eringya's Noxious Bog    Tmut/Pois      #.........   100%        6    #######
 Iron Shot                Conj/Erth      #.........   100%        6    #######
 Orb of Destruction       Conj           #.........   100%        7    #######
 Spellforged Servitor     Conj/Summ      #.........   100%        7    #######


Dungeon Overview and Level Annotations

Branches:
Dungeon (15/15)            Temple (0/1) D:4            Lair (6/6) D:9
  Swamp (3/4) Lair:2       Spider (0/4) Lair:4        Slime (0/5) Lair:5
    Orc (2/2) D:9             Elf (0/3) Orc:2        Vaults (0/5) D:13
 Depths (0/5) D:15          IceCv (visited)

Altars:
Ashenzari
Dithmenos
Hepliaklqana
Kikubaaqudgha
Qazlal
Ru
Sif Muna
Trog
Uskayaw
Vehumet
Zin
The Shining One
Beogh

Shops:
D:5 [*   D:12 *   D:13 *   D:15 [   Orc:2 *([=

Portals:
Trove: D:14 (show abyssal rune of Zot)

Annotations:
Lair:1 exclusion: 4 oklob plants
Swamp:3 1 transporter


Innate Abilities, Weirdness & Mutations

You can walk on water.
You are dopey. (Int -2)


Message History

You hit the Brimstone Fiend but do no damage.
You hit the briar patch but do no damage.
Unknown command.
You hit the Brimstone Fiend.
You are struck by the briar patch's thorns.
You hit the briar patch but do no damage.
The swamp worm fires a harpoon shot at you.
Your +2 kite shield of reflection {Reflect} reflects the harpoon shot!
The harpoon shot hits the swamp worm!
The Brimstone Fiend gestures at you.
The sphere of damnation explodes!
The damnation engulfs you!
The damnation engulfs the briar patch!!!
The briar patch is destroyed!
The damnation engulfs the Brimstone Fiend.
The Brimstone Fiend completely resists.
You hit the Brimstone Fiend.
The swamp worm fires a harpoon shot at you.
The harpoon shot hits you!
You are yanked forward by the harpoon shot.
You violently stop moving!
The swamp worm fires a harpoon shot at you.
The harpoon shot hits you.
You are yanked forward by the harpoon shot.
You violently stop moving!
The Brimstone Fiend gestures at you.
The sphere of damnation explodes!
The damnation engulfs you!!
* * * LOW HITPOINT WARNING * * *
The damnation engulfs the briar patch!!
The briar patch is destroyed!
The damnation engulfs the briar patch!!!
The briar patch is destroyed!
Really read
B - 4 scrolls of blinking {!r!r}?
Blink to where?
Okay, then.
Blink to where?
Really blink into that cloud of foul pestilence?
Okay, then.
Blink to where?
Okay, then.
Blink to where?
Really blink into that cloud of foul pestilence?
Really blink into a travel-excluded area?
You are very lightly contaminated with residual magic.
As you read the scroll of blinking {!r!r}, it crumbles to dust.
You are engulfed in dark miasma.
You feel yourself slow down.
* * * LOW HITPOINT WARNING * * *
The swamp worm fires a harpoon shot at you.
Your +2 kite shield of reflection {Reflect} reflects the harpoon shot!
The harpoon shot hits the swamp worm.
The swamp worm fires a harpoon shot at you.
Your +2 kite shield of reflection {Reflect} reflects the harpoon shot!
The harpoon shot hits the swamp worm!
The swamp worm fires a harpoon shot at you.
The harpoon shot hits you!
* * * LOW HITPOINT WARNING * * *
You are yanked forward by the harpoon shot.
You violently stop moving!
You hear a loud "Zot"!
The power of Zot is invoked against you!
You feel dopey.
Really read
B - 3 scrolls of blinking {!r!r}? [Y]es or [N]o only, please.
Really read
B - 3 scrolls of blinking {!r!r}? [Y]es or [N]o only, please.
Really read
B - 3 scrolls of blinking {!r!r}?
Blink to where?
As you read the scroll of blinking {!r!r}, it crumbles to dust.
You are engulfed in dark miasma.
You are poisoned.
* * * LOW HITPOINT WARNING * * *
You feel very sick.
The swamp worm fires a harpoon shot at you.
Your +2 kite shield of reflection {Reflect} reflects the harpoon shot!
The harpoon shot hits the swamp worm!
The swamp worm fires a harpoon shot at you.
Your +2 kite shield of reflection {Reflect} reflects the harpoon shot!
The harpoon shot hits the swamp worm.
Okay, then.
You hit the briar patch but do no damage.
You hit the briar patch.
You are engulfed in dark miasma.
You feel your flesh rotting away!
You feel as though you will be slow longer.
* * * LOW HITPOINT WARNING * * *
You feel sick.
You slash the briar patch!
You hit the briar patch but do no damage.
You are engulfed in dark miasma.
* * * LOW HITPOINT WARNING * * *
You feel sick.
The swamp worm fires a harpoon shot at you.
Your +2 kite shield of reflection {Reflect} reflects the harpoon shot!
The harpoon shot misses the swamp worm.
The swamp worm fires a harpoon shot at you.
The harpoon shot hits you!
* * * LOW HITPOINT WARNING * * *
You are yanked forward by the harpoon shot.
You collide with the briar patch!
You die...

...≈≈≈.≈≈§≈≈..♣≈♣≈≈≈≈.≈≈♣.≈≈≈≈.≈≈
...≈≈≈.≈..≈≈≈...©....≈≈≈≈.≈≈≈≈≈♣≈
♣.....≈≈...≈≈.#####..≈≈.≈.♣♣≈♣≈≈≈
♣♣♣..♣≈≈.♣....#"©[#.......≈≈≈≈≈≈≈
..≈≈≈§...≈.≈≈.#([[#.....≈..≈≈≈≈≈.
.♣≈≈≈≈♣≈.♣..####+####..≈≈.≈≈≈≈≈≈.
≈≈≈≈≈≈......##≈P.P≈w#..≈≈.≈≈...≈.
♣....≈≈♣.♣≈.#w≈P^P§##..≈≈..≈≈≈≈≈≈
♣..≈≈.≈≈.♣..###☼@P§w#.≈≈≈≈..≈§≈≈.
♣♣..≈.≈♣≈≈..#w§P^P§##.§≈.≈.≈.≈≈≈.
♣♣.≈.≈≈≈≈..##§P^P§♣#.≈≈≈≈≈≈≈.≈≈≈
♣.≈.≈≈..§.#♣≈P^°###.≈≈≈.≈≈≈≈...
♣♣........##≈P^P≈w#..≈≈≈≈.≈≈.≈§
♣≈.≈≈....#♣§P^P§##.≈≈≈≈≈≈.≈≈≈>
♣♣≈≈♣>♣≈.###☼^P≈w#.≈≈≈≈≈..≈≈≈.
♣≈≈≈..♣.#w§P^P§##.≈≈≈≈..♣.≈≈≈
♣≈....≈.##≈P^P§♣#..≈§≈≈.≈≈...


You could see 6 swamp worms.

Levels and vault maps discovered:
D:1:      onia_arrival_zoo_common, layout_loops_ring
D:2:      layout_basic, lemuel_round_altar,
          chequers_temple_overflow_statue_of_worship, first_ration,
          mrwooster_statue_mirror, uniq_natasha, uniq_terence
D:3:      layout_rooms, grunt_dithmenos_smoke_and_mirrors
D:4:      layout_loops_cross, minmay_temple_entry_poolview
D:5:      layout_basic, serial_shops, shop, nicolae_shop_waterfront,
          minivault_27, minmay_misc_feat_nine_boxes, uniq_duvessa
D:6:      layout_rooms, grunt_temple_overflow_open, uniq_eustachio
D:7:      layout_loops_ring
D:8:      layout_basic, nicolae_ru_awakened_eye
D:9:      layout_stronghold, lair_entry_dummy, orc_0_dummy, grunt_ogre_cave
D:10:     layout_stronghold
D:11:     layout_roguey, special_room [special_room_orc], serial_curves,
          eino_curves_02, eino_curves_03, eino_curves_04, eino_curves_03,
          uniq_josephine, uniq_nergalle
D:12:     layout_basic, minmay_hedge_maze, nicolae_transmutations_shop,
          uniq_maurice
D:13:     giant_chief_lemuel, layout_long_grid, david_vaults_4, basic_altar,
          serial_shops, shop, hangedman_corner_corridor
D:14:     layout_big_octagon, nicolae_trove_entry_path_of_doom
D:15:     grunt_enter_depths_magical_seal, layout_stronghold, serial_shops,
          shop_fountains, chequers_avenue, portal_ice_cave_entry_ice_beasts,
          nicolae_lava_and_water, uniq_rupert
Lair:1:   layout_regular_city, disabler_island, grunt_megastairs_5,
          serial_bayou_shore_b
Lair:2:   layout_long_grid, swamp_mist
Lair:3:   cheibrodos_lair_overgrown_chateau, layout_chaotic_city
Lair:4:   layout_gridlike, nicolae_spider_entry_non_spiders, grunt_megastairs_2,
          infiniplex_staircase_pool_2, uniq_kirke
Lair:5:   layout_gridlike, slime_dummy, roderic_batcave, minivault_19,
          serial_bayou_shore_a
Lair:6:   minmay_lair_end_frog_pond, layout_misc_corridors
Swamp:1:  layout_falls_marsh, nicolae_swamp_fairy_circle, swamp_pool4,
          infiniplex_staircase_pool
Swamp:2:  layout_basic_swamp, hangedman_swamp_ruin_wall, swamp_pool1
Swamp:3:  gammafunk_worm_tunnel, layout_falls_marsh, hangedman_swamp_diagram,
          swamp_pool4
Orc:1:    layout_caves, nicolae_orc_damp_corner
Orc:2:    grunt_orc_gardens, layout_caves, grunt_orc_garden, grunt_orc_garden,
          grunt_orc_garden, grunt_orc_garden, uniq_jorgrun

Notes
Turn   | Place    | Note
-------+----------+-------------------------------------------
     0 | D:1      | drasked the Hill Orc Monk began the quest for the Orb.
     0 | D:1      | Reached XP level 1. HP: 19/19 MP: 1/1
     6 | D:1      | Noticed an anaconda
     6 | D:1      | Noticed a black bear
     6 | D:1      | Noticed a komodo dragon
     7 | D:1      | Noticed a wolf
     7 | D:1      | Noticed a lindwurm
    41 | D:1      | Identified a +0 pair of boots (You found it on level 1 of
                  | the Dungeon)
   125 | D:1      | Identified a +0 ring mail (You found it on level 1 of the
                  | Dungeon)
   179 | D:1      | Identified a +0 dagger
   255 | D:1      | Identified a +0 dagger
   271 | D:1      | Reached XP level 2. HP: 24/27 MP: 2/2
   407 | D:1      | Identified a +0 whip
   411 | D:1      | Reached skill level 1 in Armour
   448 | D:1      | Identified a +0 club
   520 | D:1      | Identified a +0 club
   560 | D:1      | Reached skill level 4 in Fighting
   646 | D:1      | Identified a +0 helmet (You found it on level 1 of the
                  | Dungeon)
   715 | D:1      | Reached XP level 3. HP: 33/33 MP: 3/3
   929 | D:2      | Identified a +0 club
   933 | D:2      | Identified a +0 morningstar
   933 | D:2      | Identified a +0 scale mail
   933 | D:2      | Noticed Terence
   964 | D:2      | Found a hazy altar of Hepliaklqana.
   964 | D:2      | Found a stormy altar of Qazlal.
   966 | D:2      | Found a glowing silver altar of Zin.
   973 | D:2      | Identified a +0 club
   979 | D:2      | Noticed Natasha
   981 | D:2      | Identified a +0 club
  1041 | D:2      | Identified a +3 short sword
  1144 | D:2      | Reached skill level 5 in Axes
  1372 | D:2      | Identified a +0 short sword
  1410 | D:2      | Killed Natasha
  1410 | D:2      | Reached XP level 4. HP: 22/40 MP: 4/4
  1668 | D:2      | Killed Terence
  1668 | D:2      | Reached skill level 2 in Armour
  1748 | D:2      | Noticed Natasha
  1762 | D:2      | Killed Natasha
  1846 | D:2      | Noticed Natasha
  1869 | D:2      | Killed Natasha
  1869 | D:2      | Reached skill level 6 in Axes
  1869 | D:2      | Reached XP level 5. HP: 14/47 MP: 5/5
  2428 | D:2      | You fall into a shaft and drop 2 floors!
  2444 | D:4      | Identified a +0 shortbow
  2444 | D:4      | Noticed a centaur
  2459 | D:4      | Killed a centaur
  2615 | D:4      | Identified a +0 scale mail
  2615 | D:4      | Identified a +0 club
  2625 | D:4      | Reached XP level 6. HP: 55/55 MP: 6/6
  2630 | D:4      | Identified a +0 dagger
  2630 | D:4      | Identified a +0 robe
  2630 | D:4      | Identified a cursed -3 dagger
  2640 | D:4      | Reached skill level 5 in Fighting
  2640 | D:4      | Reached skill level 3 in Armour
  2664 | D:4      | Reached skill level 7 in Axes
  2792 | D:4      | Identified a +0 flail
  2792 | D:4      | Identified a +0 club
  2792 | D:4      | Identified a +0 chain mail
  2795 | D:4      | Identified a +0 dagger
  2795 | D:4      | Identified a +0 robe
  2805 | D:4      | Identified a +0 short sword
  2805 | D:4      | Identified a +0 ring mail
  3023 | D:4      | Identified a +0 morningstar
  3027 | D:4      | Identified a +0 club
  3031 | D:4      | Identified a +0 falchion
  3031 | D:4      | Identified a +0 leather armour
  3124 | D:3      | Identified a +0 club
  3124 | D:3      | Identified a +0 short sword
  3124 | D:3      | Identified a +0 chain mail
  3124 | D:3      | Identified a +1 vampiric dagger
  3124 | D:3      | Identified a +0 robe
  3124 | D:3      | Identified a +0 whip
  3125 | D:3      | Identified a +0 club
  3126 | D:3      | Identified a +0 club
  3127 | D:3      | Became a worshipper of Beogh the Brigand
  3127 | D:3      | Reached * piety under Beogh
  3127 | D:3      | Reached ** piety under Beogh
  3127 | D:3      | Identified a +0 club
  3127 | D:3      | Identified a +0 scale mail
  3129 | D:3      | Identified a +0 dagger
  3129 | D:3      | Identified a +0 dagger
  3260 | D:3      | Identified a +0 club
  3364 | D:2      | Found a hide-covered altar of Uskayaw.
  3552 | D:3      | Identified a ring of teleportation (You found it on level 4
                  | of the Dungeon)
  3553 | D:3      | Identified 4 scrolls of identify
  3553 | D:3      | Identified 2 potions of flight
  3554 | D:3      | Identified 3 scrolls of enchant weapon
  3555 | D:3      | Identified 2 scrolls of remove curse
  3573 | D:3      | Identified 3 scrolls of enchant armour
  3738 | D:3      | Found a shadowy altar of Dithmenos.
  3893 | D:3      | Identified a ring of resist corrosion (You found it on
                  | level 3 of the Dungeon)
  3911 | D:4      | Identified a +0 giant club
  3911 | D:4      | Identified a +0 dire flail
  3911 | D:4      | Noticed a two-headed ogre
  3946 | D:4      | Killed a two-headed ogre
  3946 | D:4      | Reached skill level 6 in Fighting
  3946 | D:4      | Reached skill level 9 in Axes
  3946 | D:4      | Reached skill level 4 in Armour
  3946 | D:4      | Reached XP level 7. HP: 64/64 MP: 7/7
  3946 | D:4      | Reached XP level 8. HP: 71/71 MP: 8/8
  4214 | D:4      | Found a staircase to the Ecumenical Temple.
  4379 | D:4      | Identified 2 scrolls of noise
  4380 | D:4      | Identified 2 scrolls of magic mapping
  4383 | D:4      | Identified 4 potions of degeneration
  4384 | D:4      | Identified 2 potions of might
  4385 | D:4      | Identified a potion of lignification
  4386 | D:4      | Identified a potion of resistance
  4387 | D:4      | Identified a potion of haste
  4409 | D:5      | Entered Level 5 of the Dungeon
  4484 | D:5      | Reached skill level 5 in Armour
  4632 | D:5      | Identified a cursed +0 shortbow
  4653 | D:5      | Reached skill level 10 in Axes
  4665 | D:5      | Reached skill level 7 in Fighting
  4914 | D:5      | Identified a +0 giant spiked club
  5143 | D:5      | Found Coromm's General Store.
  5409 | D:5      | Found Ofyiv's Armour Shop.
  5453 | D:5      | Bought a +0 buckler for 63 gold pieces
  5453 | D:5      | Bought a +0 pair of gloves for 63 gold pieces
  5642 | D:5      | Identified a +0 short sword
  5642 | D:5      | Identified a +0 leather armour
  5642 | D:5      | Noticed Duvessa
  5654 | D:5      | Killed Duvessa
  5654 | D:5      | Reached skill level 1 in Shields
  5664 | D:5      | Identified a +0 dagger
  5664 | D:5      | Identified a +2 robe of magic resistance
  5664 | D:5      | Noticed Dowan
  5672 | D:5      | Killed Dowan
  5672 | D:5      | Reached *** piety under Beogh
  5672 | D:5      | Reached skill level 11 in Axes
  5672 | D:5      | Reached XP level 9. HP: 79/79 MP: 9/9
  5835 | D:5      | Identified 2 scrolls of fear
  5836 | D:5      | Identified 2 scrolls of blinking
  5837 | D:5      | Identified a scroll of teleportation
  5894 | D:6      | Found a sacrificial altar of Ru.
  5894 | D:6      | Found a radiant altar of Vehumet.
  5895 | D:6      | Identified a +0 rapier
  5895 | D:6      | Identified a +0 leather armour
  5895 | D:6      | Noticed Eustachio
  6032 | D:6      | Identified a +0 giant club
  6036 | D:6      | Identified a +0 giant club
  6053 | D:6      | Reached skill level 2 in Shields
  6192 | D:6      | Killed Eustachio
  6192 | D:6      | Reached skill level 8 in Fighting
  6262 | D:6      | Found a glowing golden altar of the Shining One.
  6273 | D:6      | Found a shimmering blue altar of Sif Muna.
  6273 | D:6      | Found an ancient bone altar of Kikubaaqudgha.
  6274 | D:6      | Found a shattered altar of Ashenzari.
  6303 | D:6      | Identified a +1 helmet (You found it on level 6 of the
                  | Dungeon)
  6304 | D:6      | Identified a ring of attention (You found it on level 6 of
                  | the Dungeon)
  6306 | D:6      | Identified a ring of ice (You found it on level 6 of the
                  | Dungeon)
  6312 | D:6      | Identified a potion of mutation
  6493 | D:6      | Identified a +0 dagger
  6493 | D:6      | Identified a +0 robe
  6498 | D:6      | Identified a +0 flail
  6515 | D:6      | Identified a +0 flail
  6754 | D:7      | Identified a +0 mace
  6875 | D:7      | Identified a +0 dagger
  6875 | D:7      | Identified a +0 trident
  6875 | D:7      | Identified a +0 ring mail
  6875 | D:7      | Identified a +0 whip
  6889 | D:7      | Identified a +0 halberd
  6906 | D:7      | Reached skill level 3 in Shields
  6909 | D:7      | Identified a cursed -1 flail
  6909 | D:7      | Identified a +0 leather armour
  6912 | D:7      | Identified a +0 club
  7062 | D:7      | Identified a +0 shortbow
  7079 | D:7      | Reached skill level 12 in Axes
  7119 | D:7      | Identified a +0 falchion
  7119 | D:7      | Identified a +0 robe
  7151 | D:7      | Identified a cursed +0 dagger
  7151 | D:7      | Identified a +0 robe
  7173 | D:7      | Identified a cursed +0 vorpal battleaxe
  7173 | D:7      | Identified a +0 robe
  7187 | D:7      | Identified a scroll of immolation
  7188 | D:7      | Identified a scroll of vulnerability
  7242 | D:7      | Identified a +3 hand axe of freezing
  7242 | D:7      | Identified a +0 robe
  7252 | D:7      | Identified a +0 halberd
  7252 | D:7      | Identified a +0 robe of fire resistance
  7388 | D:7      | Identified a +0 giant spiked club
  7397 | D:7      | Reached skill level 4 in Shields
  7532 | D:7      | Reached skill level 9 in Fighting
  7602 | D:7      | Reached XP level 10. HP: 66/91 MP: 10/10
  7766 | D:7      | Reached skill level 13 in Axes
  7768 | D:7      | Identified a +0 short sword
  7768 | D:7      | Identified a +0 plate armour
  7768 | D:7      | Identified a cursed -2 dagger
  7768 | D:7      | Identified a +0 robe
  7768 | D:7      | Identified a +0 dagger
  7768 | D:7      | Identified a +0 robe
  7768 | D:7      | Identified a +0 club
  7768 | D:7      | Identified a +0 leather armour
  7785 | D:7      | Reached **** piety under Beogh
  8056 | D:7      | Identified a +0 war axe
  8062 | D:7      | Identified a +0 dagger
  8062 | D:7      | Identified a +0 robe
  8113 | D:7      | Identified a potion of magic
  8420 | D:8      | Identified a +0 mace
  8424 | D:8      | Identified a +0 dagger
  8424 | D:8      | Identified a +0 robe
  8425 | D:8      | Identified a cursed +0 hand axe
  8451 | D:8      | Identified a +0 whip
  8451 | D:8      | Identified a +0 whip
  8451 | D:8      | Identified a cursed +0 flail
  8451 | D:8      | Identified a +0 whip
  8453 | D:8      | Found a sacrificial altar of Ru.
  8529 | D:8      | Identified a +0 giant spiked club
  8529 | D:8      | Identified a +0 dire flail
  8529 | D:8      | Noticed a two-headed ogre
  8537 | D:8      | Killed a two-headed ogre
  8537 | D:8      | Reached skill level 6 in Armour
  8799 | D:8      | Identified a +0 giant spiked club
  8807 | D:8      | Reached skill level 14 in Axes
  9055 | D:8      | Reached skill level 10 in Fighting
  9362 | D:9      | Identified a +0 halberd
  9372 | D:9      | Identified a +0 spear of venom
  9372 | D:9      | Identified a +0 scale mail
  9372 | D:9      | Identified a +0 kite shield
  9372 | D:9      | Identified a +0 whip
  9381 | D:9      | Identified a +0 spear
  9386 | D:9      | Identified a cursed -1 club
  9747 | D:9      | Found a staircase to the Orcish Mines.
  9975 | D:9      | Identified a +0 dagger
  9975 | D:9      | Identified a +0 ring mail
 10179 | D:9      | Identified a +0 giant club
 10325 | D:9      | Found a staircase to the Lair.
 10778 | D:10     | Entered Level 10 of the Dungeon
 10778 | D:10     | Identified a +0 short sword
 10780 | D:10     | Identified a +0 flail
 10785 | D:10     | Identified a +0 glaive
 10785 | D:10     | Identified a +0 chain mail
 10841 | D:10     | Reached ***** piety under Beogh
 10895 | D:10     | Identified a +2 dagger of protection
 10895 | D:10     | Identified a +0 robe
 10895 | D:10     | Identified a +0 club
 10895 | D:10     | Identified a +0 leather armour
 10896 | D:10     | Identified a +0 dagger
 10896 | D:10     | Identified a +0 hand axe
 10896 | D:10     | Identified a +0 robe
 10905 | D:10     | Reached skill level 7 in Armour
 10961 | D:10     | Reached XP level 11. HP: 96/101 MP: 11/11
 10984 | D:10     | Identified a scarf of repulsion (You found it on level 10
                  | of the Dungeon)
 10999 | D:10     | Got a citrine-encrusted ring mail
 11010 | D:10     | Identified the +6 ring mail of Sokoo {rElec} (You found it
                  | on level 10 of the Dungeon)
 11023 | D:10     | Identified a potion of berserk rage
 11024 | D:10     | Identified a potion of invisibility
 11025 | D:10     | Identified a potion of ambrosia
 11138 | D:10     | Reached skill level 5 in Shields
 11237 | D:10     | Identified a +0 giant club
 11244 | D:10     | Reached skill level 15 in Axes
 11719 | D:10     | Identified a ring of evasion (You found it on level 10 of
                  | the Dungeon)
 12004 | D:11     | Identified a +0 dagger
 12004 | D:11     | Identified a +0 robe
 12004 | D:11     | Noticed Josephine
 12004 | D:11     | Identified a cursed +3 flail
 12004 | D:11     | Identified a cursed +0 robe
 12004 | D:11     | Identified a +0 dagger
 12004 | D:11     | Identified a +0 robe
 12004 | D:11     | Noticed Nergalle
 12007 | D:11     | Identified a +2 hand axe
 12007 | D:11     | Identified a +0 robe
 12009 | D:11     | Identified a +0 halberd
 12009 | D:11     | Identified a cursed +0 robe
 12010 | D:11     | Identified a +3 battleaxe
 12010 | D:11     | Identified a +0 robe
 12023 | D:11     | Killed Josephine
 12034 | D:11     | Identified a +0 halberd
 12034 | D:11     | Identified a +0 chain mail
 12041 | D:11     | Killed Nergalle
 12049 | D:11     | Reached skill level 6 in Shields
 12054 | D:11     | Gained Ogrik as an ally
 12089 | D:11     | Reached skill level 8 in Armour
 12295 | D:11     | Noticed a purple ugly thing
 12307 | D:11     | Killed a purple ugly thing
 12478 | D:11     | Identified a cursed -3 giant club
 12581 | D:11     | Identified a +0 short sword
 12581 | D:11     | Identified a +0 whip
 12581 | D:11     | Identified a +0 whip
 12581 | D:11     | Identified a +0 dagger
 12610 | D:11     | Identified a +0 shortbow
 12610 | D:11     | Identified a +0 shortbow
 12610 | D:11     | Identified a +0 shortbow
 12610 | D:11     | Identified a +0 shortbow
 12610 | D:11     | Identified a +0 shortbow
 12615 | D:11     | Reached skill level 16 in Axes
 12715 | D:11     | Identified a +0 dagger
 12715 | D:11     | Identified a +0 leather armour
 12715 | D:11     | Identified a +0 trident
 12715 | D:11     | Identified a +0 war axe
 12715 | D:11     | Identified a +0 plate armour
 12715 | D:11     | Identified a +0 mace
 12715 | D:11     | Identified a +0 chain mail
 12715 | D:11     | Identified a cursed -2 scimitar
 12715 | D:11     | Identified a +0 plate armour
 12715 | D:11     | Identified a +0 halberd
 12715 | D:11     | Identified a +0 plate armour
 12715 | D:11     | Identified a +0 hand axe
 12716 | D:11     | Identified a +0 dagger
 12716 | D:11     | Identified a +0 war axe
 12716 | D:11     | Identified a +0 dagger
 12716 | D:11     | Identified a +0 war axe
 12716 | D:11     | Identified a +0 chain mail
 12716 | D:11     | Identified a +0 leather armour
 12717 | D:11     | Identified a +0 scimitar
 12717 | D:11     | Identified a +0 plate armour
 12717 | D:11     | Found a roughly hewn altar of Beogh.
 12717 | D:11     | Identified a +0 trident
 12717 | D:11     | Identified a +0 arbalest
 12717 | D:11     | Gained Marbork as an ally
 12835 | D:11     | Identified a scroll of amnesia
 12836 | D:11     | Identified a scroll of summoning
 12923 | D:11     | Identified a +0 giant spiked club
 12923 | D:11     | Identified a +0 giant spiked club
 12923 | D:11     | Noticed a two-headed ogre
 12931 | D:11     | Killed a two-headed ogre
 13058 | D:11     | Noticed a cyclops
 13069 | D:11     | Killed a cyclops
 13153 | D:12     | Reached skill level 7 in Shields
 13285 | D:12     | Noticed a red ugly thing
 13294 | D:12     | Killed a red ugly thing
 13318 | D:12     | Identified a +0 hand axe of flaming
 13318 | D:12     | Identified a +0 leather armour
 13318 | D:12     | Identified a +0 dagger
 13319 | D:12     | Identified a +0 dagger
 13319 | D:12     | Identified a +0 robe
 13324 | D:12     | Reached XP level 12. HP: 103/108 MP: 12/12
 13372 | D:12     | Identified a +0 glaive
 13372 | D:12     | Identified a +0 chain mail
 13375 | D:12     | Identified a +0 flail
 13380 | D:12     | Identified a +0 dagger
 13380 | D:12     | Identified a +0 scale mail
 13410 | D:12     | Identified a +0 giant club
 13498 | D:12     | Reached skill level 9 in Armour
 13699 | D:12     | Your ally Marbork died
 13718 | D:12     | HP: 20/108 [acid (9)]
 13731 | D:12     | Killed Maurice
 13731 | D:12     | Reached skill level 17 in Axes
 14206 | D:12     | Found Pangaux's Changing Room.
 14254 | D:12     | Identified a +0 flail
 14443 | D:12     | Reached skill level 8 in Shields
 14553 | D:12     | Identified a +0 club
 14707 | D:13     | Identified a +0 dire flail
 14707 | D:13     | Identified a +0 dire flail
 14707 | D:13     | Noticed an ettin
 14715 | D:13     | Killed an ettin
 14717 | D:13     | Identified a ring of magical power (You found it on level
                  | 12 of the Dungeon)
 14745 | D:13     | Noticed a four-headed hydra
 14757 | D:13     | Killed an 11-headed hydra
 14846 | D:13     | Reached ****** piety under Beogh
 14892 | D:13     | HP: 25/108 [cyclops (12)]
 14893 | D:13     | HP: 8/108 [cyclops (11)]
 14900 | D:13     | HP: 1/108 [cyclops (17)]
 15327 | D:13     | Reached skill level 18 in Axes
 15327 | D:13     | Reached skill level 10 in Armour
 15329 | D:13     | Reached skill level 9 in Shields
 15497 | D:13     | Noticed a stone giant
 15497 | D:13     | Identified a +0 dire flail
 15497 | D:13     | Identified a +0 dire flail
 15497 | D:13     | Noticed an ettin
 15499 | D:13     | HP: 12/108 [stone giant/large rock (38)]
 15499 | D:13     | Identified a +0 great mace
 15499 | D:13     | Identified a +0 dire flail
 15499 | D:13     | Noticed an ettin
 15506 | D:13     | HP: 5/108 [cyclops (7)]
 15953 | Lair:1   | Entered Level 1 of the Lair of Beasts
 16009 | Lair:1   | Reached skill level 10 in Shields
 16154 | Lair:1   | Noticed an eight-headed hydra
 16159 | Lair:1   | Reached XP level 13. HP: 96/114 MP: 13/13
 16169 | Lair:1   | Reached skill level 11 in Shields
 17107 | Lair:2   | Found a staircase to the Swamp.
 17855 | Lair:2   | Identified an amulet of inaccuracy (You found it on level 2
                  | of the Lair of Beasts)
 17856 | Lair:2   | Identified 2 potions of stabbing
 17874 | Lair:2   | Identified a +0 broad axe (You found it on level 2 of the
                  | Lair of Beasts)
 17908 | Lair:3   | Identified a +0 kite shield
 17908 | Lair:3   | Gained Bogdar as an ally
 17908 | Lair:3   | Reached skill level 12 in Shields
 19293 | Lair:3   | Reached skill level 13 in Shields
 19301 | Lair:3   | Paralysed by a hornet for 1 turns
 19555 | Lair:3   | Identified a +0 buckler of cold resistance (You found it on
                  | level 3 of the Lair of Beasts)
 19570 | Lair:3   | Identified a scroll of acquirement
 19571 | Lair:3   | Got the amulet of Icyozer {MR+ Regen+ Dex+2}
 19573 | Lair:3   | Identified 2 potions of heal wounds
 19780 | Lair:4   | Noticed Kirke
 19800 | Lair:4   | Killed Kirke
 20020 | Lair:4   | Reached skill level 14 in Shields
 20079 | Lair:4   | Found a hole to the Spider Nest.
 20948 | Lair:5   | Reached XP level 14. HP: 61/122 MP: 14/14
 21054 | Lair:5   | Found a staircase to the Slime Pits.
 21060 | Lair:5   | Identified a +0 kite shield
 21064 | Lair:5   | Reached skill level 15 in Shields
 21997 | Lair:6   | Entered Level 6 of the Lair of Beasts
 22010 | Lair:6   | Reached skill level 11 in Fighting
 22609 | Lair:6   | Got a steaming robe
 22765 | Lair:6   | Reached skill level 11 in Armour
 23174 | Lair:6   | Identified a ring of strength (You found it on level 6 of
                  | the Lair of Beasts)
 23185 | Lair:6   | Identified the +2 robe "Ciczeta" {rPois rN+ Int+3} (You
                  | found it on level 6 of the Lair of Beasts)
 23570 | D:13     | Found a bloodstained altar of Trog.
 23591 | D:13     | Identified a +0 vorpal dire flail
 23591 | D:13     | Identified a cursed -2 giant club
 23645 | D:13     | Found Gegoup's General Store.
 23722 | D:13     | Reached skill level 12 in Fighting
 23786 | D:13     | Identified a +0 mace
 23789 | D:13     | Identified a +0 hand axe
 23789 | D:13     | Identified a +0 glaive
 23791 | D:13     | Identified a +0 mace
 23793 | D:13     | Identified a +0 glaive
 23793 | D:13     | Identified a cursed +0 scale mail
 23836 | D:13     | Identified a +0 dire flail
 23836 | D:13     | Identified a +0 dire flail
 23991 | D:13     | Identified a +0 dagger
 24000 | D:13     | Noticed a stone giant
 24008 | D:13     | Killed a stone giant
 24016 | D:13     | Identified a +0 halberd
 24016 | D:13     | Identified a +0 plate armour
 24019 | D:13     | Identified a +0 dagger
 24019 | D:13     | Identified a +0 leather armour
 24196 | D:13     | Identified a +0 giant club
 24196 | D:13     | Identified a +0 giant club
 24197 | D:13     | Identified a +0 giant club
 24197 | D:13     | Identified a +0 giant club
 24197 | D:13     | Identified a +0 giant club
 24198 | D:13     | Identified a +0 giant club
 24204 | D:13     | Identified a +0 club
 24208 | D:13     | Reached skill level 16 in Shields
 24208 | D:13     | Identified a +0 trident
 24208 | D:13     | Identified a +0 plate armour of poison resistance
 24213 | D:13     | Identified a +0 dagger
 24213 | D:13     | Identified a +0 robe
 24213 | D:13     | Identified an uncursed ring of protection from cold
 24214 | D:13     | Identified a +0 mace
 24216 | D:13     | Identified a +0 club
 24216 | D:13     | Identified a cursed +0 leather armour
 24344 | D:13     | Killed a stone giant
 24640 | D:13     | Got an ancient short sword
 24642 | D:13     | Got a warped quarterstaff
 24661 | D:13     | Identified the +6 short sword "Xuono" {flame, rF- rC+ MR+
                  | Stlth+} (You found it on level 13 of the Dungeon)
 24662 | D:13     | Identified a +2 spear of venom (You found it on level 13 of
                  | the Dungeon)
 24668 | D:13     | Identified the +0 quarterstaff of Tomorrow {vorpal, Int-5
                  | Dex+7} (You found it on level 13 of the Dungeon)
 24773 | D:13     | Identified a +0 glaive
 24773 | D:13     | Identified a +0 chain mail
 24793 | D:13     | Identified +0 ice dragon scales
 24802 | D:13     | Found a gate to the Vaults.
 24875 | D:13     | Identified an amulet of reflection (You found it on level
                  | 13 of the Dungeon)
 25063 | D:5      | Bought a scarf of resistance for 448 gold pieces
 25261 | D:9      | Identified a +0 tower shield (You found it on level 9 of
                  | the Dungeon)
 25426 | D:14     | Identified a +0 dagger
 25426 | D:14     | Identified a +0 robe
 25426 | D:14     | Identified a +0 short sword
 25426 | D:14     | Identified a +0 short sword
 25426 | D:14     | Identified a cursed +0 leather armour
 25426 | D:14     | Identified a +0 dagger
 25426 | D:14     | Identified a +0 robe
 25426 | D:14     | Identified a +0 mace
 25434 | D:14     | Reached XP level 15. HP: 134/134 MP: 15/15
 25438 | D:14     | Identified a +0 glaive
 25438 | D:14     | Identified a +0 chain mail
 25453 | D:14     | Reached skill level 12 in Armour
 25460 | D:14     | Gained Herok as an ally
 25647 | D:14     | Identified a +0 shortbow
 25647 | D:14     | Identified a +0 shortbow
 25648 | D:14     | Identified a +0 shortbow
 25648 | D:14     | Identified a +0 shortbow
 25649 | D:14     | Identified a +0 shortbow
 25704 | D:14     | Found a portal to a secret trove of treasure.
 25860 | D:14     | Identified a +0 troll leather armour
 25899 | D:14     | Identified a +0 long sword
 25899 | D:14     | Identified a +0 leather armour
 25901 | D:14     | Identified a +0 dire flail
 25901 | D:14     | Identified a +0 giant spiked club
 25901 | D:14     | Identified a +0 giant club
 25901 | D:14     | Identified a cursed -2 giant spiked club
 25901 | D:14     | Identified a +0 dire flail
 25901 | D:14     | Identified a cursed -2 giant spiked club
 25901 | D:14     | Reached skill level 13 in Fighting
 25906 | D:14     | Identified a +0 giant spiked club
 25906 | D:14     | Identified a +0 whip of venom
 25906 | D:14     | Identified a cursed +0 robe
 25908 | D:14     | Identified a +0 giant club
 25908 | D:14     | Identified a +0 giant spiked club
 25911 | D:14     | Identified a cursed -3 giant club
 25911 | D:14     | Identified a +0 giant spiked club
 26097 | D:14     | Got a glimmering scimitar
 26098 | D:14     | Identified the +5 scimitar "Kiuh" {vorpal, *Contam rPois
                  | Str+10 Dex+2} (You found it on level 14 of the Dungeon)
 26109 | D:14     | Identified a +0 shortbow
 26117 | D:14     | Gained mutation: You are dopey. (Int -2) [mutagenic glow]
 26246 | D:14     | Identified a ring of stealth (You found it on level 14 of
                  | the Dungeon)
 26250 | D:14     | Identified a scroll of holy word
 26251 | D:14     | Identified a potion of brilliance
 26266 | D:15     | Entered Level 15 of the Dungeon
 26296 | D:15     | Found a frozen archway.
 26361 | IceCv    | Entered an ice cave
 26486 | IceCv    | Got spiked ice dragon scales
 26521 | IceCv    | Got an ivory shortbow
 26633 | D:15     | Identified the +5 ice dragon scales of the Blessed Realm
                  | {Harm rElec rF- rC++ Str+3 Int+6} (You found it in an ice
                  | cave)
 26647 | D:15     | Identified a scroll of torment
 26840 | D:15     | drasked: ?? *drain
 26840 | D:15     | meem: *drain[1/1]: A randart property which drains you
                  | (ignoring rN) when you unequip it.
 26840 | D:15     | beem: *drain[1/1]: A randart property which drains you
                  | (ignoring rN) when you unequip it.
 27246 | D:15     | Found Pifuo's Antique Armour Emporium.
 27253 | D:15     | Bought a jade-encrusted chain mail for 209 gold pieces
 27253 | D:15     | Bought a jewelled scale mail for 198 gold pieces
 27253 | D:15     | Identified the +9 chain mail of Dogma {*Corrode rElec rPois
                  | Dex+6} (You bought it in a shop on level 15 of the Dungeon)
 27254 | D:15     | Identified the +5 scale mail of Caprerimaj {-Cast *Slow
                  | rElec Int+8} (You bought it in a shop on level 15 of the
                  | Dungeon)
 27255 | D:15     | drasked: ?? *corrode
 27255 | D:15     | meem: *corrode ~ corrode[1/1]: A randart property that
                  | gives you a 3% chance to be corroded (see {acid}) upon
                  | taking damage.
 27255 | D:15     | beem: *corrode ~ corrode[1/1]: A randart property that
                  | gives you a 3% chance to be corroded (see {acid}) upon
                  | taking damage.
 27447 | D:15     | Identified a +0 vorpal great mace
 27447 | D:15     | Identified a +3 leather armour
 27447 | D:15     | Noticed Rupert
 27485 | D:15     | Killed Rupert
 27608 | D:15     | Identified a +2 shortbow of flaming
 27610 | D:15     | Identified a cursed +0 shortbow
 27610 | D:15     | Identified a +0 shortbow
 27734 | D:15     | Identified a +0 great sword
 27734 | D:15     | Identified a +0 leather armour
 27779 | D:15     | Identified a +0 great sword
 27779 | D:15     | Identified a +0 ring mail
 27779 | D:15     | Identified a +1 great sword
 27779 | D:15     | Identified a +0 leather armour
 27780 | D:15     | Identified a +0 war axe
 27780 | D:15     | Identified a cursed +0 ring mail
 27780 | D:15     | Identified a +2 kite shield of reflection
 27839 | D:15     | Identified a +0 spear
 27839 | D:15     | Identified a cursed +0 robe
 27839 | D:15     | Identified a +0 dagger
 27839 | D:15     | Identified a +0 robe
 27840 | D:15     | Identified a cursed +0 rapier
 27849 | D:15     | Identified a +0 giant club
 27849 | D:15     | Identified a +0 giant spiked club
 27853 | D:15     | Reached skill level 13 in Armour
 27856 | D:15     | Identified a +0 long sword
 27856 | D:15     | Identified a +0 chain mail
 27862 | D:15     | Identified a +0 giant spiked club
 27862 | D:15     | Identified a +0 giant club
 27864 | D:15     | Identified a +0 giant spiked club
 27864 | D:15     | Identified a +0 giant club
 27867 | D:15     | Identified a +0 halberd
 27867 | D:15     | Identified a +0 robe
 27869 | D:15     | Reached skill level 14 in Fighting
 27875 | D:15     | Identified a +0 giant club
 27875 | D:15     | Identified a +0 giant spiked club
 27876 | D:15     | Identified a +0 giant club
 27876 | D:15     | Identified a +0 giant club
 27886 | D:15     | Found a staircase to the Depths.
 27946 | D:15     | Reached skill level 17 in Shields
 28235 | Orc:1    | Entered Level 1 of the Orcish Mines
 28247 | Orc:1    | Identified a +0 whip
 28247 | Orc:1    | Identified a +0 leather armour
 28248 | Orc:1    | Identified a +0 whip
 28248 | Orc:1    | Identified a +0 scale mail
 28248 | Orc:1    | Identified a +0 dagger
 28248 | Orc:1    | Identified a +0 robe
 28249 | Orc:1    | Identified a +0 glaive
 28249 | Orc:1    | Identified a +0 plate armour
 28250 | Orc:1    | Identified a +4 dagger of venom
 28250 | Orc:1    | Identified a +0 robe
 28278 | Orc:1    | Identified a +0 dagger
 28278 | Orc:1    | Identified a +0 robe
 28278 | Orc:1    | Identified a +0 mace
 28278 | Orc:1    | Identified a +2 chain mail of magic resistance
 28279 | Orc:1    | Identified a cursed -3 war axe
 28286 | Orc:1    | Identified a +0 leather armour
 28286 | Orc:1    | Identified a +0 giant spiked club
 28327 | Orc:1    | Identified a +0 giant club
 28629 | Orc:2    | Entered Level 2 of the Orcish Mines
 28629 | Orc:2    | Found Umena's Antique Armour Boutique.
 28629 | Orc:2    | Found a staircase to the Elven Halls.
 28629 | Orc:2    | Identified a +0 long sword
 28629 | Orc:2    | Identified a +0 chain mail
 28629 | Orc:2    | Identified a +0 dagger
 28629 | Orc:2    | Identified a +0 robe
 28629 | Orc:2    | Identified a +3 vampiric glaive
 28629 | Orc:2    | Identified a +0 chain mail
 28629 | Orc:2    | Identified a +0 bardiche
 28629 | Orc:2    | Identified a +0 plate armour
 28629 | Orc:2    | Noticed an orc warlord
 28629 | Orc:2    | Identified a +0 long sword
 28629 | Orc:2    | Identified a +0 plate armour
 28629 | Orc:2    | Identified a +0 halberd
 28629 | Orc:2    | Identified a +0 plate armour
 28629 | Orc:2    | Identified a +0 hand axe
 28629 | Orc:2    | Identified a +0 trident
 28629 | Orc:2    | Identified a +0 leather armour
 28630 | Orc:2    | Identified a +0 great sword of holy wrath
 28630 | Orc:2    | Identified a +0 plate armour
 28630 | Orc:2    | Identified a +0 flail
 28630 | Orc:2    | Identified a +0 plate armour
 28641 | Orc:2    | Identified a +0 trident
 28643 | Orc:2    | Identified a +0 giant club
 28647 | Orc:2    | HP: 26/138 [orc warrior/+0 flail (27)]
 28828 | Orc:2    | Identified a +0 dagger
 28828 | Orc:2    | Identified a +0 robe
 28869 | Orc:2    | Identified a +0 dire flail
 28869 | Orc:2    | Identified a +0 chain mail
 28877 | Orc:2    | Identified a +0 flail
 28877 | Orc:2    | Identified a +0 plate armour
 28879 | Orc:2    | Identified a cursed -2 flail
 28910 | Orc:2    | Gained Murdo as an ally
 28940 | Orc:2    | Identified a cursed -2 scimitar
 28940 | Orc:2    | Identified a +0 plate armour
 28943 | Orc:2    | Identified a +0 dagger
 28943 | Orc:2    | Identified a +0 robe
 28961 | Orc:2    | Identified a +0 giant spiked club
 28962 | Orc:2    | Identified a cursed +0 flail
 28962 | Orc:2    | Identified a +0 scimitar
 28962 | Orc:2    | Identified a +0 plate armour
 28963 | Orc:2    | Identified a +0 giant club
 28964 | Orc:2    | Identified a +0 flail (You took it off an orc warrior on
                  | level 2 of the Orcish Mines)
 28964 | Orc:2    | Identified a +0 chain mail
 28965 | Orc:2    | Identified a +2 great mace
 28965 | Orc:2    | Identified a +0 chain mail
 29001 | Orc:2    | Found Plog's Jewellery Boutique.
 29101 | Orc:2    | Identified a +0 giant spiked club
 29101 | Orc:2    | Identified a +0 hand axe
 29101 | Orc:2    | Identified a +0 chain mail
 29102 | Orc:2    | Identified a +2 vorpal scimitar
 29102 | Orc:2    | Identified a +0 chain mail
 29102 | Orc:2    | Identified a +0 great sword
 29102 | Orc:2    | Identified a +0 plate armour
 29102 | Orc:2    | Identified a +0 mace
 29102 | Orc:2    | Identified a +0 chain mail
 29102 | Orc:2    | Identified a +0 short sword
 29102 | Orc:2    | Identified a +0 chain mail
 29103 | Orc:2    | Found Qaatablinn's Antique Weapon Emporium.
 29104 | Orc:2    | Identified a +0 falchion of holy wrath
 29104 | Orc:2    | Identified a +0 ring mail
 29104 | Orc:2    | Identified a +0 short sword
 29104 | Orc:2    | Identified a +0 giant club
 29104 | Orc:2    | Identified a +0 trident
 29105 | Orc:2    | Identified a +0 hand axe
 29105 | Orc:2    | Identified a +0 chain mail
 29105 | Orc:2    | Identified a +0 mace
 29105 | Orc:2    | Identified a +0 chain mail
 29109 | Orc:2    | Identified a +0 war axe of draining
 29109 | Orc:2    | Identified a +0 plate armour
 29110 | Orc:2    | Identified a +0 dagger
 29110 | Orc:2    | Identified a cursed +0 robe
 29118 | Orc:2    | Identified a +1 antimagic dagger
 29118 | Orc:2    | Identified a +2 robe of magic resistance
 29127 | Orc:2    | Identified a +0 giant club
 29178 | Orc:2    | Identified a +0 vorpal quarterstaff
 29178 | Orc:2    | Identified a +2 robe of magic resistance
 29178 | Orc:2    | Noticed Jorgrun
 29179 | Orc:2    | Identified a cursed -1 giant club
 29183 | Orc:2    | Identified a +0 morningstar
 29184 | Orc:2    | Identified a cursed +0 war axe
 29184 | Orc:2    | Identified a +0 plate armour
 29185 | Orc:2    | Identified a +0 flail
 29185 | Orc:2    | Identified a +0 plate armour
 29187 | Orc:2    | Identified a +0 flail
 29187 | Orc:2    | Identified a +0 plate armour
 29188 | Orc:2    | Killed Jorgrun
 29206 | Orc:2    | Identified a +0 hand axe
 29207 | Orc:2    | Identified a +0 great mace
 29207 | Orc:2    | Identified a +0 dire flail
 29207 | Orc:2    | Identified a +0 short sword (You took it off an orc on
                  | level 2 of the Orcish Mines)
 29208 | Orc:2    | Identified a +0 spear
 29208 | Orc:2    | Identified a +0 giant club
 29208 | Orc:2    | Identified a +0 mace (You took it off an orc on level 2 of
                  | the Orcish Mines)
 29208 | Orc:2    | Identified a cursed +0 chain mail (You took it off an orc
                  | on level 2 of the Orcish Mines)
 29208 | Orc:2    | Identified a +0 spear
 29209 | Orc:2    | Identified a +0 club
 29209 | Orc:2    | Identified a +0 robe
 29210 | Orc:2    | Identified a +0 flail
 29211 | Orc:2    | Identified a +3 hand axe
 29214 | Orc:2    | Identified a +4 flail
 29220 | Orc:2    | Identified a +0 glaive
 29220 | Orc:2    | Identified a +0 plate armour
 29226 | Orc:2    | Identified a +0 glaive
 29226 | Orc:2    | Identified a +0 chain mail
 29234 | Orc:2    | Identified a +0 war axe
 29234 | Orc:2    | Identified a +0 leather armour
 29318 | Orc:2    | Identified a +0 dagger
 29318 | Orc:2    | Identified a +2 robe of cold resistance
 29560 | Orc:2    | Found Husm's General Store.
 29568 | Orc:2    | Bought a potion of heal wounds for 80 gold pieces
 29605 | Orc:2    | Identified a +0 dagger
 29750 | Orc:2    | Bought a pair of embroidered gloves for 180 gold pieces
 29750 | Orc:2    | Bought a glowing scarf for 192 gold pieces
 29750 | Orc:2    | Bought a crude cloak for 228 gold pieces
 29750 | Orc:2    | Bought a runed plate armour for 624 gold pieces
 29760 | Orc:2    | Identified the cursed -3 cloak "Fukhle" {-Tele Harm rN+
                  | Str+3} (You bought it in a shop on level 2 of the Orcish
                  | Mines)
 29770 | Orc:2    | Identified a +2 pair of gloves (You bought it in a shop on
                  | level 2 of the Orcish Mines)
 29780 | Orc:2    | Identified a +3 plate armour of magic resistance (You
                  | bought it in a shop on level 2 of the Orcish Mines)
 29791 | Orc:2    | Identified a scarf of invisibility (You bought it in a shop
                  | on level 2 of the Orcish Mines)
 30076 | Swamp:1  | Entered Level 1 of the Swamp
 30088 | Swamp:1  | Reached XP level 16. HP: 147/147 MP: 16/16
 30242 | Swamp:1  | Identified +0 swamp dragon scales
 30274 | Swamp:1  | Gained Bogric as an ally
 30787 | Swamp:1  | Got a crude falchion
 30788 | Swamp:1  | Identified the +8 falchion of the Freezing Oracle {flame,
                  | +Fly rF- rC+} (You found it on level 1 of the Swamp)
 30816 | Swamp:2  | Identified a +0 spear
 30819 | Swamp:2  | Identified a +0 spear
 31100 | Swamp:2  | Identified 2 potions of cancellation
 31237 | Swamp:2  | Identified a +0 spear
 31237 | Swamp:2  | Identified a +0 buckler
 31237 | Swamp:2  | Identified a +0 spear
 31238 | Swamp:2  | Identified a +0 spear
 31259 | Swamp:2  | Reached skill level 15 in Fighting
 31261 | Swamp:2  | Reached skill level 14 in Armour
 31453 | Swamp:2  | Your ally Bogric died
 31461 | Swamp:2  | HP: 22/149 [shambling mangrove (26)]
 31469 | Swamp:2  | HP: 31/149 [swamp worm (3)]
 31475 | Swamp:2  | HP: 30/149 [swamp worm (4)]
 31479 | Swamp:2  | Identified a +0 mace
 31479 | Swamp:2  | Identified a +0 ring mail
 31479 | Swamp:2  | Identified a +0 dagger
 31479 | Swamp:2  | Identified a +0 robe
 31479 | Swamp:2  | Identified a +0 club
 31479 | Swamp:2  | Identified a +0 leather armour
 31479 | Swamp:2  | Identified a +0 club
 31479 | Swamp:2  | Identified a +0 leather armour
 31480 | Swamp:2  | HP: 23/149 [shambling mangrove (10)]
 31481 | Swamp:2  | HP: 2/149 [shambling mangrove (21)]
 31986 | Swamp:2  | Identified a ring of wizardry (You found it on level 2 of
                  | the Swamp)
 32048 | Swamp:3  | HP: 33/149 [14-headed hydra (9)]
 32048 | Swamp:3  | HP: 12/149 [14-headed hydra (10)]
 32403 | Swamp:3  | Found a transporter.
 32532 | Swamp:3  | Identified a +0 hand axe
 32532 | Swamp:3  | Identified a +0 ring mail
 32532 | Swamp:3  | Identified a +0 club
 32614 | Swamp:3  | Identified a scroll of fog
 32777 | Swamp:3  | Found a transporter.
 33071 | Swamp:3  | Noticed a Brimstone Fiend
 33077 | Swamp:3  | HP: 37/148 [something (3)]
 33078 | Swamp:3  | HP: 14/148 [swamp worm/harpoon shot (10)]
 33078 | Swamp:3  | Collided with a briar patch

Table legend:
 A = Turns spent in this place as a percentage of turns spent in the entire game.
 B = Non-inter-level travel turns spent in this place as a percentage of non-inter-level travel turns spent in the entire game.
 C = Inter-level travel turns spent in this place as a percentage of turns spent in this place.
 D = Turns resting spent in this place as a percentage of non-inter-level travel turns spent in this place.
 E = Turns spent auto-exploring this place as a percentage of non-inter-level travel turns spent in this place.
 F = Non-inter-level travel turns spent in this place divided by the number of levels of this place that you've seen.
                   A       B       C       D       E      F
               +-------+-------+-------+-------+-------+----------------------
         Total | 100.0 | 100.0 |   7.0 |  27.6 |  47.0 | 1138.9
       Dungeon |  62.8 |  61.8 |   8.5 |  29.4 |  45.3 | 1266.9
          Lair |  22.5 |  23.2 |   4.1 |  25.8 |  52.9 | 1187.0
         Swamp |   9.1 |   9.4 |   4.1 |  28.0 |  39.3 | 959.7
  Orcish Mines |   5.1 |   5.0 |   8.1 |  17.5 |  59.7 | 773.5
      Ice Cave |   0.6 |   0.6 |   0.0 |   1.0 |   5.5 | 199.0
               +-------+-------+-------+-------+-------+----------------------

Table legend:
 A = Kills in this place as a percentage of kills in entire the game.
 B = Kills by you in this place as a percentage of kills by you in the entire game.
 C = Kills by friends in this place as a percentage of kills by friends in the entire game.
 D = Other kills in this place as a percentage of other kills in the entire game.
 E = Experience gained in this place as a percentage of experience gained in the entire game.
 F = Experience gained in this place divided by the number of levels of this place that you have seen.
                   A       B       C       D       E      F
               +-------+-------+-------+-------+-------+----------------------
         Total | 100.0 | 100.0 | 100.0 | 100.0 | 100.0 | 5840.0
       Dungeon |  55.9 |  65.1 |  40.1 |  50.0 |  47.8 | 5027.3
          Lair |  25.1 |  18.0 |  37.0 |  50.0 |  25.5 | 6703.3
         Swamp |  10.9 |  11.4 |  10.0 |   0.0 |  18.5 | 9711.0
  Orcish Mines |   6.7 |   3.2 |  12.8 |   0.0 |   6.4 | 5010.5
      Ice Cave |   1.4 |   2.2 |   0.0 |   0.0 |   1.8 | 2897.0
               +-------+-------+-------+-------+-------+----------------------

Skill      XL: |  1  2  3  4  5  6  7  8  9 10 11 12 13 14 15 16 |
---------------+-------------------------------------------------+-----
Armour         | 1 2 4 5 7 8 10 11 13 14 | 14.3
Fighting       | 4 6 7 9 10 12 14 15 | 15.4
Axes           | 5 6 9 11 12 14 16 18 | 18.0
Shields        | 1 4 7 10 14 16 17 | 17.8
Dodging        | |  2.4
Stealth        | |  1.5

Action                   |  1- 3 |  4- 6 |  7- 9 | 10-12 | 13-15 | 16-18 || total
-------------------------+-------+-------+-------+-------+-------+-------++-------
Melee: Hand axe          |    83 |   231 |   332 |   715 |    83 |       ||  1444
       Broad axe         |       |       |       |       |  1098 |   291 ||  1389
Throw: Dart              |    12 |    15 |    85 |    36 |       |       ||   148
       Stone             |    40 |    40 |       |       |       |       ||    80
       Throwing net      |       |     1 |       |       |       |       ||     1
       Boomerang         |       |       |    21 |     3 |       |       ||    24
Invok: Convert to Beogh  |       |     1 |       |       |       |       ||     1
       Recall Orcish Fol |       |       |       |     2 |     4 |       ||     6
       Stop Recall       |       |       |       |       |     4 |       ||     4
Evoke: Wand              |       |       |       |       |     4 |    14 ||    18
  Use: Scroll            |       |     4 |    14 |     8 |    13 |     7 ||    46
       Potion            |       |       |       |     2 |       |     5 ||     7
 Stab: Distracted        |       |       |       |     6 |    18 |     1 ||    25
       Sleeping          |       |       |       |       |     2 |       ||     2
  Eat: Chunk             |     1 |     9 |    12 |    28 |    26 |     4 ||    80
       Ration            |       |       |       |       |     5 |     2 ||     7
Armor: Ring mail         |    27 |     3 |       |   102 |   150 |       ||   282
       Scale mail        |       |    94 |   102 |    55 |       |       ||   251
       Plate armour      |       |       |       |       |    94 |       ||    94
       Chain mail        |       |       |       |       |    69 |   287 ||   356
Dodge: Dodged            |    69 |   113 |   108 |   189 |   443 |   208 ||  1130
       Repelled          |       |       |       |    12 |     3 |       ||    15
Block: Buckler           |       |       |    29 |    14 |       |       ||    43
       Kite shield       |       |       |       |   193 |   500 |   366 ||  1059
       Tower shield      |       |       |       |       |   287 |       ||   287
       Reflection        |       |       |       |       |     1 |    17 ||    18

Vanquished Creatures
  Rupert (D:15)
  Kirke (Lair:4)
  A very ugly thing (Swamp:2)
  2 stone giants
  3 ettins
  Josephine (D:11)
  6 hydras
  An ice dragon (D:13)
  A death knight (D:14)
  3 shambling mangroves (Swamp:2)
  A ghost crab (Swamp:3)
  A centaur warrior (D:14)
  6 two-headed ogres
  3 alligators
  An ogre mage (D:15)
  A tengu warrior (D:15)
  A skeletal warrior (D:13)
  An unseen horror (D:15)
  A lindwurm (Lair:3)
  A wizard (D:15)
  A wolf spider zombie (D:12)
  An orc knight (Orc:1)
  A deep elf mage (D:15)
  2 ugly things (IceCv)
  2 manticores
  Maurice (D:12)
  A naga mage (D:15)
  An elephant (Lair:3)
  6 cyclopes (D:13)
  4 black mambas
  3 ice statues (IceCv)
  A gargoyle (D:12)
  15 spiny frogs
  A centaur skeleton (D:15)
  A guardian mummy (D:14)
  5 komodo dragons
  4 trolls
  13 hornets
  2 dream sheep (Lair:4)
  9 blink frogs
  4 tyrant leeches
  4 hippogriffs
  10 slime creatures
  A bog body (Swamp:3)
  A meliai zombie (D:14)
  21 yaks
  2 shadows
  A tarantella (shapeshifter) (D:13)
  2 wyverns
  3 spriggans (Swamp:2)
  A vampire (D:13)
  3 wraiths
  2 basilisks
  9 vampire mosquitoes
  Eustachio (D:6)
  7 swamp worms
  2 wargs (Orc:2)
  3 water moccasins
  2 insubstantial wisps (Swamp:2)
  7 porcupines
  Duvessa (D:5)
  A swamp drake (Swamp:2)
  5 orc warriors
  16 ice beasts
  2 black bears
  3 sky beasts
  2 phantoms
  2 necrophages
  13 ogres
  6 crocodiles
  10 wolves
  15 centaurs
  23 bullfrogs
  A big kobold (D:11)
  2 gnoll sergeants
  Dowan (D:5)
  A wyvern skeleton (D:11)
  3 scorpions
  9 wights
  11 killer bees
  2 howler monkeys (D:7)
  2 electric eels
  2 crimson imps
  A bullfrog zombie (D:5)
  4 jellies
  7 orc priests
  3 hounds
  7 orc wizards
  3 bullfrog skeletons
  A gnoll shaman (Orc:2)
  4 iguanas
  Terence (D:2)
  Natasha (thrice) (D:2)
  8 worker ants
  A worker ant zombie (D:6)
  12 gnolls
  9 adders
  2 shadow imps
  An ooze (D:2)
  An adder skeleton (D:7)
  3 adder zombies (D:7)
  A worm (D:2)
  4 dart slugs
  8 leopard geckos
  18 orcs
  A ball python (D:4)
  4 giant cockroaches
  2 hobgoblins
  9 jackals
  12 kobolds
  4 quokkas
  13 bats
  7 frilled lizards
  A giant cockroach zombie (D:3)
  8 goblins
  A leopard gecko zombie (D:5)
  5 rats
  3 briar patches (Swamp:3)
  5 fungi
  4 plants
511 creatures vanquished.

Vanquished Creatures (collateral kills)
  Jorgrun (Orc:2)
  An orc warlord (Orc:2)
  A very ugly thing (Swamp:1)
  A stone giant (D:13)
  2 ettins (D:13)
  A vault guard (D:13)
  2 shambling mangroves
  7 hydras
  A centaur warrior (D:14)
  8 two-headed ogres
  An ogre mage (D:14)
  3 tengu warriors (D:15)
  An alligator (Swamp:1)
  A deep troll earth mage (D:13)
  An orc high priest (Orc:2)
  Nergalle (D:11)
  4 skeletal warriors (D:13)
  2 unseen horrors
  A swamp dragon (Swamp:1)
  2 ugly things
  A lindwurm (Lair:3)
  A wolf spider zombie (D:13)
  2 deep elf magi
  3 orc knights
  An orc sorcerer (Orc:2)
  12 cyclopes
  5 elephants
  A centaur zombie (D:14)
  7 slime creatures
  5 black mambas
  13 spiny frogs
  A komodo dragon (Lair:5)
  A freezing wraith (D:14)
  A guardian mummy (D:14)
  A queen bee (shapeshifter) (D:13)
  7 trolls
  10 hornets
  4 tyrant leeches
  18 blink frogs
  4 dream sheep (Lair:4)
  A bog body (Swamp:2)
  5 hippogriffs
  3 wraiths
  2 spriggans (Swamp:2)
  2 hogs (Lair:4)
  8 yaks
  A shadow (D:11)
  A wyvern (Lair:4)
  A vampire (D:13)
  A steam dragon (Lair:4)
  A hungry ghost (D:12)
  4 swamp worms
  8 vampire mosquitoes
  An insubstantial wisp (Swamp:2)
  3 wargs
  6 water moccasins
  2 porcupines (Lair:3)
  A swamp drake (Swamp:2)
  10 orc warriors
  A sky beast (D:13)
  5 ice beasts
  A phantom (D:8)
  13 ogres
  8 wolves
  A necrophage (D:11)
  11 crocodiles
  6 bullfrogs
  A wyvern zombie (D:10)
  3 scorpions
  4 killer bees
  A vampire bat (Lair:5)
  A bullfrog zombie (D:10)
  2 hounds (D:9)
  A bullfrog skeleton (D:8)
  A centaur skeleton (D:8)
  4 orc wizards
  2 orc priests
  2 worker ants
  5 gnolls
  An adder zombie (D:9)
  A worm (Lair:4)
  15 orcs
  A quokka (D:12)
  6 bushes (D:12)
  15 fungi
313 creatures vanquished.

Vanquished Creatures (others)
  17 orc warriors
  An orc knight (D:13)
  An orc sorcerer (Orc:2)
  A hog (Lair:4)
  6 orc priests
  8 orc wizards
  30 orcs
  A bat (D:3)
  2 goblins (D:3)
  A hobgoblin (D:3)
  A jackal (D:3)
  2 kobolds (D:3)
  4 briar patches (Swamp:3)
  3 bushes (D:12)
  6 fungi
  38 plants
122 creatures vanquished.

Grand Total: 946 creatures vanquished
